 Dungeon Crawl Stone Soup version 0.23.2-33-g5129a83184 (webtiles) character file.

Game seed: 15255783871478097264

7627 Atelerd the Destroyer (level 11, -2/62 HPs)
             Began as an Octopode Fire Elementalist on July 15, 2019.
             Was a High Priest of Sif Muna.
             Slain by a death yak (25 damage)
             ... on level 11 of the Dungeon.
             The game lasted 00:26:25 (12764 turns).

Atelerd the Destroyer (Octopode Fire Elementalist) Turns: 12764, Time: 00:26:25

Health: -2/62      AC:  3    Str:  8    XL:     11   Next: 18%
Magic:  22/22      EV: 13    Int: 23    God:    Sif Muna [*****.]
Gold:   503        SH:  3    Dex: 12    Spells: 4/24 levels left

rFire    + . .     SeeInvis .   H - +3 scimitar (flame)
rCold    . . .     Gourm    .   N - +0 buckler
rNeg     . . .     Faith    .   f - +2 hat
rPois    .         Spirit   .   l - amulet of regeneration
rElec    .         Reflect  .   m - ring of protection from fire
rCorr    .         Harm     .   y - ring of flight
MR       .....                  D - +2 ring of intelligence
Stlth    +++.......             (no ring)
HPRegen  0.60/turn              (no ring)
MPRegen  0.18/turn              (no ring)
                                (no ring)
                                (no ring)

@: hasted, very quick
A: almost no armour, stealthy swim, amphibious, 8 rings, constrict 8, camouflage
1, gelatinous body 1
a: Divine Energy, Channel Magic, Forget Spell, Renounce Religion, Evoke Flight


You were on level 11 of the Dungeon.
You worshipped Sif Muna.
Sif Muna was extremely pleased with you.
You were very hungry.

You visited 2 branches of the dungeon, and saw 12 of its levels.

You collected 503 gold pieces.

Inventory:

Hand Weapons
 h - a +0 spear of venom
 z - a +4 shortbow of flaming
 E - a cursed +4 great sword
 H - a +3 scimitar of flaming (weapon)
Missiles
 A - 55 arrows
Armour
 f - a +2 hat (worn)
 N - a +0 buckler (worn)
Magical Staves
 J - an uncursed staff of death
Jewellery
 l - an amulet of regeneration (around mantle)
 m - a ring of protection from fire (left tentacle)
 y - a ring of flight (right tentacle)
 D - a +2 ring of intelligence (on tentacle)
Wands
 i - a wand of disintegration (17)
 B - a wand of flame (20)
 C - a wand of iceblast (8)
 F - a wand of random effects (19)
 I - a wand of polymorph (11)
Scrolls
 c - 8 scrolls of remove curse {unknown}
 e - 3 scrolls of enchant weapon {unknown}
 o - 4 scrolls of amnesia
 r - a scroll of magic mapping
 u - a scroll of noise
 v - a scroll of enchant armour
 x - a scroll of fog {unknown}
 M - a scroll of holy word {unknown}
Potions
 a - a potion of degeneration
 d - 3 potions of flight
 j - 3 potions of haste
 n - 2 potions of brilliance
 q - 2 potions of mutation {unknown}
 s - a potion of curing
 t - 3 potions of resistance {unknown}
 w - a potion of ambrosia {unknown}
 G - a potion of berserk rage {unknown}
 K - a potion of heal wounds
Comestibles
 b - 13 rations


   Skills:
 + Level 0.6 Fighting
 - Level 2.0 Dodging
 - Level 2.6 Stealth
 * Level 1.1 Shields
 * Level 7.4 Spellcasting
 - Level 10.8 Conjurations
 + Level 0.6 Summonings
 + Level 0.7 Necromancy
 - Level 10.6 Fire Magic


You had 4 spell levels left.
You knew the following spells:

 Your Spells              Type           Power        Failure   Level  Hunger
a - Throw Flame           Conj/Fire      ######       1%          2    None
b - Fireball              Conj/Fire      ######....   3%          5    #####..
c - Inner Flame           Hex/Fire       ####....     3%          3    None
d - Flame Tongue          Conj/Fire      #####        1%          1    None
e - Dispel Undead         Necr           ##......     91%         5    #####..
f - Summon Lightning Spi  Summ/Air       #.......     67%         4    ###....

Your spell library contained the following spells:

 Spells                   Type           Power        Failure   Level  Hunger
 Conjure Flame            Conj/Fire      ######..     1%          3    None
 Sticky Flame             Conj/Fire      ######..     1%          4    ###....
 Summon Small Mammal      Summ           ##..         9%          1    None
 Corpse Rot               Necr           N/A          12%         2    None
 Sublimation of Blood     Necr           ##........   12%         2    None
 Call Imp                 Summ           ##......     13%         2    None
 Call Canine Familiar     Summ           ##......     26%         3    None
 Summon Guardian Golem    Hex/Summ       #.......     28%         3    None
 Summon Ice Beast         Ice/Summ       #.......     67%         4    ###....
 Bolt of Draining         Conj/Necr      #####.....   28%         5    #####..
 Agony                    Necr           ##......     91%         5    #####..
 Excruciating Wounds      Chrm/Necr      ##........   95%         5    #####..


Dungeon Overview and Level Annotations

Branches:
Dungeon (11/15)            Temple (1/1) D:4
   Lair: D:8-11         Orc: D:9-12

Altars:
Cheibriados
Gozag
Nemelex Xobeh
Sif Muna
Trog
Vehumet
Wu Jian
Yredelemnul
The Shining One

Shops:
D:6 :

Annotations:
D:5 exclusion: downstairs
D:6 3 runed translucent doors, exclusion: downstairs, Destapler's ghost, novice DDEE
D:7 Harold
D:9 exclusion: 2 downstairs
D:10 1 runed translucent door, Aazh's ghost, novice DsFi


Innate Abilities, Weirdness & Mutations

You cannot wear most types of armour.
You are very stealthy in the water. (Stealth+)
You are amphibious.
You can wear up to eight rings at the same time.
You can use your tentacles to constrict eight enemies at once.
Your skin changes colour to match your surroundings (Stealth+).
Your rubbery body absorbs attacks. (AC +1, EV +1)


Message History

Level annotation: 1 runed translucent door, Aazh's ghost, novice DsFi
There is a stone staircase leading up here.
Items here: )) [[ a +1 robe of the Archmagi; a cursed -1 dagger; a +0 robe a +0 giant spiked club Aazh's ghost turns its malevolent gaze towards you.
You see here a dagger.
You see here a tengu skeleton.
There is a stone staircase leading down here.
You climb downwards.
An ice beast comes into view.
The death yak snorts and paws the ground.
The death yak gores you!! The death yak gores you!
There is a stone staircase leading up, spattered with blood here.
(D) Dungeon (T) Temple
Where to? (Enter - D:10 @ (x,y), ? - help)
Okay, then.
Okay, then.
You feel yourself speed up. The death yak gores you!!
You die...

# .. ...
..#. .....
####......
#.@Y#
#......#
#......#
########


You could see a death yak.

Vanquished Creatures
  Erolcha (D:10)
  Erica (D:9)
  Nergalle (D:10)
  Psyche (D:8)
  A tengu conjurer (D:10)
  2 trolls
  A queen bee (D:8)
  Prince Ribbit (D:8)
  A wyvern (D:10)
  A hungry ghost (D:10)
  Eustachio (D:6)
  Menkaure (D:6)
  An orc warrior (D:2)
  A water moccasin (D:9)
  2 ice beasts (D:8)
  4 ogres
  A necrophage (D:10)
  A black bear (D:10)
  2 phantoms (D:10)
  2 centaurs
  A big kobold (D:9)
  4 bullfrogs
  2 water moccasin skeletons
  6 scorpions
  14 killer bees (D:8)
  3 wights
  A howler monkey (D:10)
  4 crimson imps
  A bullfrog zombie (D:10)
  2 hounds
  4 orc priests
  2 jellies
  Crazy Yiuf (D:6)
  8 orc wizards
  2 bullfrog skeletons
  4 worker ants
  2 hound zombies
  A hound skeleton (D:8)
  A worker ant zombie (D:3)
  7 adders
  4 gnolls (D:7)
  2 shadow imps
  An ooze (D:5)
  An adder zombie (D:9)
  An adder skeleton (D:9)
  A worm (D:3)
  5 dart slugs
  6 leopard geckos
  19 orcs
  A ball python (D:3)
  7 bats
  A bat skeleton (D:4)
  2 bat zombies (D:4)
  3 giant cockroaches
  8 goblins
  12 hobgoblins
  10 jackals
  3 quokkas
  9 frilled lizards
  2 gnoll zombies (D:5)
  A jackal skeleton (D:6)
  11 kobolds
  A leopard gecko zombie (D:7)
  7 rats
215 creatures vanquished.

Vanquished Creatures (others)
  A centaur zombie (D:5)
  An orc wizard (D:5)
  3 orcs (D:5)
5 creatures vanquished.

Grand Total: 220 creatures vanquished

Notes
Turn   | Place    | Note
-------+----------+-------------------------------------------
     0 | D:1      | Atelerd the Octopode Fire Elementalist began the quest for
                  | the Orb.
     0 | D:1      | Reached XP level 1. HP: 11/11 MP: 3/3
   314 | D:1      | Reached XP level 2. HP: 14/17 MP: 0/5
  1255 | D:1      | Reached XP level 3. HP: 18/21 MP: 6/6
  1835 | D:2      | Reached XP level 4. HP: 20/27 MP: 7/7
  2236 | D:2      | Found a glowing golden altar of the Shining One.
  2237 | D:2      | Found a bloodstained altar of Trog.
  2623 | D:3      | Reached XP level 5. HP: 31/31 MP: 5/9
  2673 | D:3      | Noticed an orc warrior
  2755 | D:2      | Killed an orc warrior
  2755 | D:2      | Reached XP level 6. HP: 28/36 MP: 10/10
  2778 | D:2      | Learned a level 5 spell: Fireball
  2782 | D:2      | Learned a level 3 spell: Inner Flame
  2785 | D:2      | Learned a level 2 spell: Throw Flame
  3743 | D:4      | Found a snail-covered altar of Cheibriados.
  3863 | D:4      | Found a staircase to the Ecumenical Temple.
  3955 | Temple   | Entered the Ecumenical Temple
  4005 | Temple   | Became a worshipper of Sif Muna the Loreminder
  4066 | D:5      | Entered Level 5 of the Dungeon
  4252 | D:5      | Reached XP level 7. HP: 41/41 MP: 3/12
  4467 | D:5      | Reached skill level 5 in Conjurations
  4742 | D:5      | Found an ornate altar of the Wu Jian Council.
  4975 | D:5      | Reached skill level 5 in Fire Magic
  5082 | D:5      | Found a basalt altar of Yredelemnul.
  5241 | D:6      | Noticed Menkaure
  5309 | D:6      | Noticed Eustachio
  5351 | D:6      | Killed Eustachio
  5351 | D:6      | Reached * piety under Sif Muna
  5371 | D:6      | Found Koast's Book Boutique.
  5541 | D:6      | Killed Menkaure
  5541 | D:6      | Reached XP level 8. HP: 41/46 MP: 6/14
  5774 | D:6      | Found a runed translucent gate.
  5774 | D:6      | Found an opulent altar of Gozag.
  5774 | D:6      | Found a runed translucent gate.
  5775 | D:6      | Found a runed translucent gate.
  5776 | D:6      | Noticed Destapler's ghost (novice DDEE)
  5833 | D:6      | Found a runed translucent door.
  5834 | D:6      | Noticed Crazy Yiuf
  6255 | D:6      | Killed Crazy Yiuf
  6363 | D:7      | Noticed Harold
  7140 | D:7      | Reached ** piety under Sif Muna
  7393 | D:8      | Reached skill level 5 in Spellcasting
  7464 | D:8      | Reached XP level 9. HP: 51/51 MP: 5/16
  7564 | D:8      | Noticed Psyche
  7572 | D:8      | Killed Psyche
  7830 | D:8      | Noticed a queen bee
  8541 | D:8      | Reached *** piety under Sif Muna
  8626 | D:8      | Noticed Prince Ribbit
  8653 | D:8      | Killed a queen bee
  8750 | D:8      | Killed Prince Ribbit
  9525 | D:8      | Reached XP level 10. HP: 56/56 MP: 8/19
 10115 | D:8      | Reached **** piety under Sif Muna
 10424 | D:9      | Noticed Erica
 10428 | D:9      | Killed Erica
 10798 | D:10     | Entered Level 10 of the Dungeon
 11023 | D:10     | Found a runed translucent door.
 11023 | D:10     | Noticed Aazh's ghost (novice DsFi)
 11031 | D:10     | Reached skill level 10 in Conjurations
 11036 | D:10     | Noticed Nergalle
 11430 | D:10     | Reached skill level 10 in Fire Magic
 11437 | D:10     | Noticed Erolcha
 11603 | D:10     | HP: 1/56 [Nergalle/bolt of negative energy (21)]
 11604 | D:10     | Killed Nergalle
 11604 | D:10     | Reached ***** piety under Sif Muna
 11724 | D:10     | Killed Erolcha
 11724 | D:10     | Received a gift from Sif Muna
 11724 | D:10     | Reached XP level 11. HP: 24/61 MP: 5/21
 11920 | D:10     | Learned a level 5 spell: Dispel Undead
 11925 | D:10     | Learned a level 4 spell: Summon Lightning Spire
 12428 | D:11     | Noticed a death yak
 12428 | D:11     | Noticed a tengu warrior
 12429 | D:11     | Noticed a death yak
 12494 | D:10     | Reached skill level 1 in Shields
 12764 | D:11     | Slain by a death yak

Skill      XL: |  1  2  3  4  5  6  7  8  9 10 11 |
---------------+----------------------------------+-----
Conjurations   | 2 3 4 6 7 9 10 | 10.8
Spellcasting   | 3 4 5 6 7 |  7.4
Fire Magic     | 4 5 7 8 10 | 10.6
Shields        | 1 |  1.1
Fighting       | |  0.6
Dodging        | |  2.0
Stealth        | |  2.6
Summonings     | |  0.6
Necromancy     | |  0.7

Action                   |  1- 3 |  4- 6 |  7- 9 | 10-12 || total
-------------------------+-------+-------+-------+-------++-------
Melee: Unarmed           |    48 |       |       |       ||    48
       Constrict         |    19 |    25 |    23 |    18 ||    85
       Tentacles         |     8 |    10 |    17 |    14 ||    49
       Spear             |    20 |   133 |   124 |    38 ||   315
       Scimitar          |       |       |       |    38 ||    38
 Fire: Shortbow          |       |       |    42 |       ||    42
Throw: Throwing net      |       |       |     5 |       ||     5
 Cast: Flame Tongue      |    33 |    22 |       |       ||    55
       Throw Flame       |       |     4 |   132 |    35 ||   171
       Fireball          |       |       |    16 |    40 ||    56
Evoke: Wand              |       |       |     1 |     1 ||     2
  Use: Scroll            |       |     1 |     9 |    10 ||    20
       Potion            |       |     1 |     5 |     1 ||     7
 Stab: Sleeping          |    10 |    12 |    12 |     4 ||    38
       Distracted        |       |       |       |     1 ||     1
  Eat: Chunk             |     3 |     7 |    10 |     9 ||    29
       Ration            |       |       |     4 |     3 ||     7
Armor: Skin              |    13 |    30 |    37 |    12 ||    92
Dodge: Dodged            |    68 |    93 |   129 |    72 ||   362
Block: Buckler           |       |       |       |     4 ||     4
       Rpst.: Scimitar   |       |       |       |    15 ||    15
